AoeStats
← Razzle D. Tuna

Oasis

508194691Analyzed
3v3 RM · 12d ago on Sep 21, 2026· 70m 35s· 6 players
Game mode
Random Map
Map size
Normal (6 player)
Population
200
Speed
Normal
Resources
Standard
Victory
Conquest
Starting age
Dark Age
Ending age
Imperial Age
RankedLock teamsTeams togetherTeam positionsShared explorationLock speedFull tech treeHidden civsTurbo modeCheats
Victory
Defeat
🇦🇺 Vietnamese · Australia
914
+15
🇩🇪 Japanese · Germany
893
+16
🇹🇼 Britons · Taiwan
887
+16
🇦🇺 Saracens · Australia
1015
-21
🇦🇺 Lithuanians · Australia
914
-17
🇦🇺 Burgundians · Australia
732
-9
Jack
5:24 Loom
10:34 Feudal Age
11:57 Horse Collar
12:14 Double-Bit Axe
21:18 Castle Age
19:38 Gold Mining
19:39 Stone Mining
22:37 Bow Saw
24:56 Husbandry
25:14 Bloodlines
25:17 Caravan
31:47 Fletching
31:58 Padded Archer Armor
32:06 Scale Barding Armor
36:31 Wheelbarrow
36:04 Heavy Plow
36:56 Bodkin Arrow
37:22 Chain Barding Armor
40:15 Imperial Age
40:16 Cavalier
42:25 Paladin
Razzle D. Tuna
6:23 Loom
11:33 Feudal Age
11:04 Double-Bit Axe
14:13 Wheelbarrow
15:59 Bow Saw
17:53 Gold Mining
20:39 Castle Age
21:16 Stone Mining
21:36 Scale Barding Armor
22:31 Pikeman
22:54 Man-at-Arms
24:27 Squires
26:25 Hand Cart
26:50 Stone Shaft Mining
26:55 Scale Mail Armor
26:40 Horse Collar
26:47 Cavalier
29:04 Gold Shaft Mining
31:49 Two-Man Saw
32:03 Husbandry
35:52 Guard Tower
36:23 Ballistics
43:08 Imperial Age
43:57 Elite Coustillier
45:00 Conscription
50:45 Chain Barding Armor
51:06 Halberdier
57:28 Chemistry
57:42 Flemish Revolution
PetForMeows
3:16 Loom
9:57 Feudal Age
13:04 Wheelbarrow
14:32 Double-Bit Axe
19:54 Castle Age
18:54 Horse Collar
20:45 Thumb Ring
22:37 Fletching
22:59 Crossbowman
29:49 Heavy Plow
30:03 Bow Saw
33:35 Bodkin Arrow
35:52 Hand Cart
39:00 Bimaristan
39:27 Fervor
40:02 Town Watch
44:38 Imperial Age
42:51 Atonement
42:53 Devotion
PK_-_93
10:16 Feudal Age
10:42 Double-Bit Axe
14:44 Gold Mining
17:03 Wheelbarrow
16:41 Horse Collar
17:47 Stone Mining
21:54 Castle Age
22:59 Bow Saw
24:52 Gold Shaft Mining
24:20 Heavy Plow
25:37 Forging
25:19 Fletching
25:30 Scale Mail Armor
26:03 Gambesons
26:04 Arson
26:19 Squires
26:58 Iron Casting
30:11 Ballistics
30:14 Chain Mail Armor
38:57 Imperial Age
39:16 Thumb Ring
39:12 Heavy Cavalry Archer
40:38 Hand Cart
41:17 Parthian Tactics
41:44 Conscription
42:22 Bodkin Arrow
42:28 Padded Archer Armor
45:34 Elite Samurai
47:31 Two-Man Saw
46:38 Town Watch
46:48 Town Watch
52:38 Pikeman
54:30 Chemistry
53:38 Halberdier
67:00 Blast Furnace
66:31 Plate Mail Armor
66:01 Bracer
66:17 Leather Archer Armor
森永
8:53 Loom
10:40 Feudal Age
13:01 Double-Bit Axe
17:44 Castle Age
16:27 Fletching
17:34 Padded Archer Armor
17:39 Gold Mining
17:35 Horse Collar
18:41 Crossbowman
25:11 Pikeman
26:18 Forging
28:52 Squires
29:09 Bow Saw
29:04 Scale Mail Armor
29:20 Leather Archer Armor
29:51 Wheelbarrow
29:44 Arson
35:24 Stone Mining
36:12 Gold Shaft Mining
35:42 Heavy Plow
38:14 Imperial Age
36:02 Hand Cart
37:21 Town Watch
38:37 Bodkin Arrow
39:17 Iron Casting
39:10 Yeomen
39:07 Arbalester
39:30 Capped Ram
39:53 Halberdier
43:47 Chemistry
44:40 Ballistics
45:12 Conscription
GOYmaxxer9000
8:32 Loom
11:24 Feudal Age
13:57 Double-Bit Axe
14:51 Horse Collar
14:52 Man-at-Arms
15:59 Man-at-Arms
21:22 Castle Age
19:29 Scale Mail Armor
19:31 Padded Archer Armor
23:11 Bow Saw
24:06 Elite Skirmisher
28:15 Wheelbarrow
29:12 Hand Cart
29:17 Heavy Plow
30:01 Town Watch
33:50 Fletching
37:06 Imperial Age
35:30 Thumb Ring
36:03 Ballistics
35:39 Murder Holes
36:11 Bloodlines
36:01 Husbandry
36:11 Scale Barding Armor
36:14 Chatras
37:28 Forging
39:18 Two-Man Saw
39:05 Chain Barding Armor
39:21 Elite Battle Elephant
42:00 Plate Barding Armor
42:00 Iron Casting
41:54 Light Cavalry
44:13 Paper Money
44:25 Gold Mining
45:01 Pikeman
45:50 Squires
45:36 Arson
47:12 Bodkin Arrow
47:32 Leather Archer Armor
47:32 Chain Mail Armor
48:00 Elite Rattan Archer
48:44 Halberdier
50:58 Plate Mail Armor
52:20 Bracer
52:51 Ring Archer Armor
70:41 Chemistry
Connection lost

Rejoining the realm…

Still unreachable

The connection could not be restored.

Session expired

The server has moved on; the page needs a fresh start.